APP
MISSOULA OSPREY @ PHILADELPHIA (APP) PHILLIES
08/06/2044
 
TOP OF THE 1ST
Missoula Osprey batting - Pitching for Philadelphia (APP) Phillies : RHP Chad Capaldi
Pitching: RHP Chad Capaldi
Batting: SHB Roger Holmes 0-0: Ground out 4-3 (Groundball, 4, EV 80.0 MPH)
Batting: RHB Ernesto Zamora 0-0: Foul Ball, location: 2F
0-1: Called Strike
0-2: Reached on error, E5 (Groundball, 56S, EV 92.5 MPH)
Batting: SHB Evan Armagost 0-0: Ball
1-0: Ball
2-0: Ball
3-0: Base on Balls
Batting: SHB Blaine Peters 0-0: Ball
1-0: Ball
Ernesto Zamora steals 3rd base
2-0: Called Strike
2-1: Ball
3-1: Fly out, F8 (Line Drive, 8LM, EV 94.4 MPH)
Runner from 3rd tags up, OUT at HOME! 8-2
Top of the 1st over - 0 runs, 0 hits, 1 error, 1 left on base; Missoula 0 - Philadelphia (APP) 0
BOTTOM OF THE 1ST
Philadelphia (APP) Phillies batting - Pitching for Missoula Osprey : RHP Jorge Gallegos
Pitching: RHP Jorge Gallegos
Batting: LHB Matt Urbanek 0-0: Called Strike
0-1: Swinging Strike
0-2: Ball
1-2: Strikes out looking
Batting: RHB Carlos Morejon 0-0: Ball
1-0: Ball
2-0: Fly out, F8 (Flyball, 8RM, EV 82.5 MPH)
Batting: RHB Kyle Reilly 0-0: Ball
1-0: Fly out, F7 (Flyball, 7LM, EV 71.9 MPH)
Bottom of the 1st over - 0 runs, 0 hits, 0 errors, 0 left on base; Missoula 0 - Philadelphia (APP) 0
TOP OF THE 2ND
Missoula Osprey batting - Pitching for Philadelphia (APP) Phillies : RHP Chad Capaldi
Batting: LHB Enrique Ponce 0-0: Foul Ball, location: 2F
0-1: Ball
1-1: Ball
2-1: Foul Ball, location: 2F
2-2: Ball
3-2: Fly out, F9 (Line Drive, 9, EV 91.9 MPH)
Batting: RHB Chad Mendoza 0-0: Fly out, F8 (Flyball, 8LD, EV 104.4 MPH)
Batting: SHB Lee Dillon 0-0: Ball
1-0: Ball
2-0: Ground out 5-3 (Groundball, 5, EV 81.3 MPH)
Top of the 2nd over - 0 runs, 0 hits, 0 errors, 0 left on base; Missoula 0 - Philadelphia (APP) 0
BOTTOM OF THE 2ND
Philadelphia (APP) Phillies batting - Pitching for Missoula Osprey : RHP Jorge Gallegos
Batting: LHB Eric Farren 0-0: Ball
1-0: Reached on error, E2 (Groundball, 15S, EV 68.8 MPH)
Batting: RHB Eduardo Calderon 0-0: Called Strike
0-1: Called Strike
0-2: Foul Ball, location: 2F
0-2: Ball
1-2: Ball
2-2: Ball
3-2: Foul Ball, location: 2F
3-2: Base on Balls
Eric Farren to second
Batting: RHB Mark Schultz 0-0: Called Strike
0-1: Fly out, F7 (Flyball, 7, EV 75.0 MPH)
Batting: RHB Vaclav Been 0-0: Foul Ball, location: 2F
0-1: Ball
Wild Pitch!
Eric Farren to third
Eduardo Calderon to second
1-1: Foul Ball, location: 2F
1-2: Ball
2-2: Ball
3-2: Strikes out swinging
Batting: LHB Josh George 0-0: Called Strike
0-1: 3-RUN HOME RUN (Flyball, 8LXD, EV 104.4 MPH), Distance : 435 ft
Batting: LHB Jesse Haught 0-0: Foul Ball, location: 2F
0-1: DOUBLE (Line Drive, 9LD, EV 108.8 MPH)
Batting: LHB Matt Urbanek 0-0: Fly out, F8 (Flyball, 8RS, EV 86.9 MPH)
Bottom of the 2nd over - 3 runs, 2 hits, 1 error, 1 left on base; Missoula 0 - Philadelphia (APP) 3
TOP OF THE 3RD
Missoula Osprey batting - Pitching for Philadelphia (APP) Phillies : RHP Chad Capaldi
Batting: LHB Tae-geun Kwang 0-0: Called Strike
0-1: Foul Ball, location: 2F
0-2: SINGLE (Flyball, 9LS, EV 88.8 MPH)
Batting: RHB Zach Espinosa 0-0: Ball
1-0: Ball
2-0: Called Strike
2-1: Foul Ball, location: 2F
2-2: Fielders Choice at 2nd, 3-6 (Groundball, 3, EV 85.6 MPH)
Batting: SHB Roger Holmes 0-0: Ball
1-0: DOUBLE (Groundball, 3L, EV 114.4 MPH)
Zach Espinosa to third
Batting: RHB Ernesto Zamora 0-0: Swinging Strike
0-1: Ball
1-1: Ground out 6-3 (Groundball, 6, EV 87.5 MPH)
Zach Espinosa scores
Roger Holmes to third
Batting: SHB Evan Armagost 0-0: Foul Ball, location: 2F
0-1: Ball
1-1: Ball
2-1: Ball
3-1: Ground out 6-3 (Groundball, 6M, EV 85.6 MPH)
Top of the 3rd over - 1 run, 2 hits, 0 errors, 1 left on base; Missoula 1 - Philadelphia (APP) 3
BOTTOM OF THE 3RD
Philadelphia (APP) Phillies batting - Pitching for Missoula Osprey : RHP Jorge Gallegos
Batting: RHB Carlos Morejon 0-0: Ball
1-0: Ball
2-0: Ball
3-0: Foul Ball, location: 2F
3-1: Foul Ball, location: 2F
3-2: Base on Balls
Batting: RHB Kyle Reilly 0-0: Foul Ball, location: 2F
0-1: Foul Ball, location: 2F
0-2: Ball
1-2: Ball
2-2: Ball
3-2: Foul Ball, location: 2F
3-2: Strikes out swinging
Batting: LHB Eric Farren 0-0: Ball
1-0: Called Strike
1-1: Ball
2-1: Foul Ball, location: 2F
2-2: SINGLE (Groundball, 13S, EV 77.5 MPH) (infield hit)
Carlos Morejon to second
Batting: RHB Eduardo Calderon 0-0: Ball
1-0: Called Strike
1-1: Ball
2-1: Ball
3-1: Foul Ball, location: 2F
3-2: Strikes out looking
Batting: RHB Mark Schultz 0-0: SINGLE (Line Drive, 89S, EV 95.6 MPH)
Carlos Morejon to third
Eric Farren to second
Runner from 3rd tries for Home, SAFE, throw by RF to home
Batting: RHB Vaclav Been 0-0: Called Strike
0-1: Called Strike
0-2: Strikes out swinging
Bottom of the 3rd over - 1 run, 2 hits, 0 errors, 2 left on base; Missoula 1 - Philadelphia (APP) 4
TOP OF THE 4TH
Missoula Osprey batting - Pitching for Philadelphia (APP) Phillies : RHP Chad Capaldi
Batting: SHB Blaine Peters 0-0: Ground out 4-3 (Groundball, 4M, EV 86.3 MPH)
Batting: LHB Enrique Ponce 0-0: Swinging Strike
0-1: Foul Ball, location: 2F
0-2: Foul Ball, location: 2F
0-2: Fly out, F7 (Line Drive, 7, EV 95.0 MPH)
Batting: RHB Chad Mendoza 0-0: Ball
1-0: Called Strike
1-1: Foul Ball, location: 2F
1-2: Strikes out swinging
Top of the 4th over - 0 runs, 0 hits, 0 errors, 0 left on base; Missoula 1 - Philadelphia (APP) 4
BOTTOM OF THE 4TH
Philadelphia (APP) Phillies batting - Pitching for Missoula Osprey : RHP Jorge Gallegos
Batting: LHB Josh George 0-0: Ball
1-0: Ball
2-0: Called Strike
2-1: Ball
3-1: Foul Ball, location: 2F
3-2: Base on Balls
Pitching: LHP Heath Henderson
Batting: LHB Jesse Haught 0-0: Ball
1-0: Called Strike
1-1: Foul Ball, location: 2F
1-2: Ball
2-2: Ball
3-2: Base on Balls
Josh George to second
Batting: LHB Matt Urbanek 0-0: Ball
1-0: Ball
2-0: Ball
3-0: Base on Balls
Josh George to third
Jesse Haught to second
Batting: RHB Carlos Morejon 0-0: Ball
1-0: GRAND SLAM HOME RUN (Line Drive, 7LD, EV 89.4 MPH), Distance : 341 ft
Batting: RHB Kyle Reilly 0-0: Ball
1-0: Ball
2-0: Ball
3-0: Called Strike
3-1: Foul Ball, location: 2F
3-2: SOLO HOME RUN (Flyball, 78XD, EV 94.4 MPH), Distance : 385 ft
Pitching: RHP Rick Foster
Batting: LHB Eric Farren 0-0: SINGLE (Popup, 6MD, EV 62.5 MPH)
Batting: RHB Eduardo Calderon 0-0: Swinging Strike
0-1: DOUBLE (Flyball, 78D, EV 102.5 MPH)
Eric Farren to third
Batting: RHB Mark Schultz 0-0: Ball
1-0: Ball
2-0: Ball
3-0: Base on Balls
Batting: RHB Vaclav Been 0-0: Called Strike
0-1: Ball
1-1: Ball
2-1: Fly out, F4 (Flyball, 4D, EV 83.8 MPH)
Batting: LHB Josh George 0-0: Ball
1-0: Ball
2-0: Ball
3-0: Called Strike
3-1: Called Strike
3-2: Foul Ball, location: 2F
3-2: DOUBLE (Flyball, 8LXD, EV 90.6 MPH)
Eric Farren scores
Eduardo Calderon scores
Mark Schultz to third
Runner from 3rd tries for Home, SAFE, throw by CF to home
Pitching: RHP Nate Spencer
Batting: LHB Jesse Haught 0-0: Ball
1-0: Foul Ball, location: 2F
1-1: Ball
2-1: SINGLE (Groundball, 6MS, EV 72.5 MPH) (infield hit)
Josh George to third
Batting: LHB Matt Urbanek 0-0: Ball
1-0: Called Strike
1-1: Foul Ball, location: 2F
1-2: Ball
2-2: Foul Ball, location: 2F
2-2: Fly out, F9 (Flyball, 9, EV 81.9 MPH)
Batting: RHB Carlos Morejon 0-0: Fly out, F9 (Flyball, 9D, EV 97.5 MPH)
Bottom of the 4th over - 8 runs, 6 hits, 0 errors, 2 left on base; Missoula 1 - Philadelphia (APP) 12
TOP OF THE 5TH
Missoula Osprey batting - Pitching for Philadelphia (APP) Phillies : RHP Chad Capaldi
Batting: SHB Lee Dillon 0-0: Ground out 5-3 (Groundball, 5S, EV 70.6 MPH)
Batting: LHB Tae-geun Kwang 0-0: Ball
1-0: SINGLE (Groundball, 4M, EV 87.5 MPH) (infield hit)
Batting: RHB Zach Espinosa 0-0: Ball
1-0: Fly out, F8 (Flyball, 8RD, EV 86.3 MPH)
Batting: SHB Roger Holmes 0-0: Called Strike
0-1: Ground out U3 (Groundball, 34, EV 83.8 MPH)
Top of the 5th over - 0 runs, 1 hit, 0 errors, 1 left on base; Missoula 1 - Philadelphia (APP) 12
BOTTOM OF THE 5TH
Philadelphia (APP) Phillies batting - Pitching for Missoula Osprey : RHP Nate Spencer
Batting: RHB Kyle Reilly 0-0: Fly out, F7 (Flyball, 7LS, EV 78.8 MPH)
Batting: LHB Eric Farren 0-0: Ground out 6-3 (Groundball, 6, EV 83.8 MPH)
Batting: RHB Eduardo Calderon 0-0: Called Strike
0-1: Swinging Strike
0-2: Ball
1-2: Foul Ball, location: 2F
1-2: Ball
2-2: Ball
3-2: SINGLE (Groundball, 3D, EV 103.1 MPH)
Batting: RHB Mark Schultz 0-0: Called Strike
0-1: Swinging Strike
0-2: Ball
1-2: Strikes out swinging
Bottom of the 5th over - 0 runs, 1 hit, 0 errors, 1 left on base; Missoula 1 - Philadelphia (APP) 12
TOP OF THE 6TH
Missoula Osprey batting - Pitching for Philadelphia (APP) Phillies : RHP Chad Capaldi
Batting: RHB Ernesto Zamora 0-0: Ball
1-0: Ball
2-0: Foul Ball, location: 2F
2-1: Ball
3-1: Base on Balls
Batting: SHB Evan Armagost 0-0: Called Strike
0-1: Called Strike
0-2: Ball
1-2: Strikes out swinging
Batting: SHB Blaine Peters 0-0: Ball
1-0: Foul Ball, location: 2F
1-1: Ball
2-1: Ball
3-1: Base on Balls
Ernesto Zamora to second
Batting: LHB Enrique Ponce 0-0: Ball
1-0: Called Strike
1-1: DOUBLE (Line Drive, 9LM, EV 93.1 MPH)
Ernesto Zamora scores
Blaine Peters to third
Batting: RHB Chad Mendoza 0-0: Ball
1-0: Fly out, F8 (Flyball, 8RD, EV 92.5 MPH)
Runner from 3rd tags up, SCORES, no throw by CF
Pitching: RHP David LaBounty
Batting: SHB Lee Dillon 0-0: Ball
1-0: Ball
Wild Pitch!
Enrique Ponce to third
2-0: Ball
3-0: Swinging Strike
3-1: Base on Balls
Batting: LHB Tae-geun Kwang 0-0: Ball
1-0: Called Strike
1-1: Ball
2-1: Called Strike
2-2: Strikes out looking
Top of the 6th over - 2 runs, 1 hit, 0 errors, 2 left on base; Missoula 3 - Philadelphia (APP) 12
BOTTOM OF THE 6TH
Philadelphia (APP) Phillies batting - Pitching for Missoula Osprey : RHP Nate Spencer
Batting: RHB Vaclav Been 0-0: Ball
1-0: Ground out 5-3 (Groundball, 56, EV 91.3 MPH)
Batting: LHB Josh George 0-0: Called Strike
0-1: Called Strike
0-2: Ball
1-2: Foul Ball, location: 2F
1-2: Ball
2-2: SINGLE (Groundball, 4MD, EV 100.6 MPH)
Batting: LHB Jesse Haught 0-0: Called Strike
0-1: Fly out, F6 (Popup, 6M, EV 50.6 MPH)
Batting: LHB Matt Urbanek 0-0: TRIPLE (Flyball, 7LD, EV 99.4 MPH)
Josh George scores
Batting: RHB Carlos Morejon 0-0: Fly out, F9 (Flyball, 9, EV 91.9 MPH)
Bottom of the 6th over - 1 run, 2 hits, 0 errors, 1 left on base; Missoula 3 - Philadelphia (APP) 13
TOP OF THE 7TH
Missoula Osprey batting - Pitching for Philadelphia (APP) Phillies : RHP David LaBounty
Batting: RHB Zach Espinosa 0-0: Ball
1-0: Called Strike
1-1: Ball
2-1: Swinging Strike
2-2: Ball
3-2: Strikes out swinging
Batting: SHB Roger Holmes 0-0: Foul Ball, location: 2F
0-1: Foul Ball, location: 2F
0-2: Foul Ball, location: 2F
0-2: Foul Ball, location: 2F
0-2: Ball
1-2: Foul Ball, location: 2F
1-2: Ground out 4-3 (Groundball, 4, EV 78.8 MPH)
Batting: RHB Ernesto Zamora 0-0: Swinging Strike
0-1: Ball
1-1: SINGLE (Groundball, 25, EV 65.0 MPH) (infield hit)
Batting: SHB Evan Armagost 0-0: Called Strike
0-1: Called Strike
0-2: Foul Ball, location: 2F
0-2: Strikes out swinging
Top of the 7th over - 0 runs, 1 hit, 0 errors, 1 left on base; Missoula 3 - Philadelphia (APP) 13
BOTTOM OF THE 7TH
Philadelphia (APP) Phillies batting - Pitching for Missoula Osprey : RHP Nate Spencer
Batting: RHB Kyle Reilly 0-0: Ball
1-0: Ball
2-0: Called Strike
2-1: SINGLE (Line Drive, 4M, EV 104.4 MPH)
Batting: LHB Eric Farren 0-0: Ball
1-0: Hit by Pitch
Kyle Reilly to second
Batting: RHB Eduardo Calderon 0-0: Ball
1-0: Ball
Wild Pitch!
Kyle Reilly to third
Eric Farren to second
2-0: Ground out 6-3 (Groundball, 6, EV 80.0 MPH)
Kyle Reilly scores
Eric Farren to third
Batting: RHB Mark Schultz 0-0: Ball
1-0: Ball
2-0: Called Strike
2-1: Foul Ball, location: 2F
2-2: Fly out, F9 (Flyball, 89XD, EV 93.8 MPH)
Runner from 3rd tags up, SCORES, no throw by RF
Pitching: LHP Dillon Rizzuto
Batting: RHB Vaclav Been 0-0: Ball
1-0: Ground out 5-3 (Groundball, 56S, EV 64.4 MPH)
Bottom of the 7th over - 2 runs, 1 hit, 0 errors, 0 left on base; Missoula 3 - Philadelphia (APP) 15
TOP OF THE 8TH
Missoula Osprey batting - Pitching for Philadelphia (APP) Phillies : RHP David LaBounty
Pinch Hitting: LHB Omar Marquez 0-0: Foul Ball, location: 2F
0-1: Foul Ball, location: 2F
0-2: Ball
1-2: Reached on error, E3 (Groundball, 3, EV 87.5 MPH)
Batting: LHB Enrique Ponce 0-0: Ball
1-0: Ball
2-0: Ball
3-0: Called Strike
3-1: Base on Balls
Omar Marquez to second
Pitching: RHP Tony Trevino
Batting: RHB Chad Mendoza 0-0: Foul Ball, location: 2F
0-1: Ball
1-1: Grounds into double play, 5-4-3 (Groundball, 56, EV 77.5 MPH)
Omar Marquez to third
Batting: SHB Lee Dillon 0-0: Ball
1-0: Ball
2-0: Ball
3-0: Called Strike
3-1: Called Strike
3-2: Base on Balls
Batting: LHB Tae-geun Kwang 0-0: Ball
1-0: Ball
2-0: Called Strike
2-1: Ball
3-1: Foul Ball, location: 2F
3-2: Strikes out looking
Top of the 8th over - 0 runs, 0 hits, 1 error, 2 left on base; Missoula 3 - Philadelphia (APP) 15
BOTTOM OF THE 8TH
Philadelphia (APP) Phillies batting - Pitching for Missoula Osprey : LHP Dillon Rizzuto
Now in LF: Omar Marquez
Batting: LHB Josh George 0-0: Reached on error, E4 (Groundball, 4, EV 90.0 MPH)
Batting: LHB Jesse Haught 0-0: Ball
1-0: Ball
2-0: Foul Ball, location: 2F
2-1: Called Strike
2-2: Ball
3-2: Foul Ball, location: 2F
3-2: Ground out 5-3 (Groundball, 56S, EV 71.3 MPH)
Josh George to third
Batting: LHB Matt Urbanek 0-0: Ball
1-0: Called Strike
1-1: Ball
2-1: Called Strike
2-2: Ball
3-2: Strikes out looking
Batting: RHB Carlos Morejon 0-0: Ground out U3 (Groundball, 34, EV 88.1 MPH)
Bottom of the 8th over - 0 runs, 0 hits, 1 error, 1 left on base; Missoula 3 - Philadelphia (APP) 15
TOP OF THE 9TH
Missoula Osprey batting - Pitching for Philadelphia (APP) Phillies : RHP Tony Trevino
Batting: RHB Zach Espinosa 0-0: Ball
1-0: Called Strike
1-1: Swinging Strike
1-2: Ball
2-2: Ball
3-2: Foul Ball, location: 2F
3-2: Foul Ball, location: 2F
3-2: Foul Ball, location: 2F
3-2: Base on Balls
Pinch Hitting: RHB Sergio Manzanero 0-0: Ball
1-0: Called Strike
1-1: Swinging Strike
1-2: Foul Ball, location: 2F
1-2: Strikes out swinging
Batting: RHB Ernesto Zamora 0-0: Ball
1-0: Fly out, F7 (Flyball, 7LD, EV 110.6 MPH)
Batting: SHB Evan Armagost 0-0: Called Strike
0-1: Ball
1-1: Ball
2-1: Ball
3-1: Called Strike
3-2: Base on Balls
Zach Espinosa to second
Batting: LHB Omar Marquez 0-0: Ball
1-0: Ball
2-0: Ball
3-0: Base on Balls
Zach Espinosa to third
Evan Armagost to second
Batting: LHB Enrique Ponce 0-0: Called Strike
0-1: Ball
1-1: Ball
2-1: Foul Ball, location: 2F
2-2: Foul Ball, location: 2F
2-2: Strikes out swinging
Top of the 9th over - 0 runs, 0 hits, 0 errors, 3 left on base; Missoula 3 - Philadelphia (APP) 15
Thursday, March 31st , 2022 - OOTP Baseball 22.12 Build 89